 Dungeon Crawl Stone Soup version 0.25.0-46-gbd7b0854d2 (webtiles) character file.

Game seed: 11562306905354810876

47 DildoBatman the Magician (level 3, -4/24 HPs)
             Began as a Formicid Wizard on July 14, 2020.
             Killed by divine providence
             ... invoked by an orc priest
              (14 damage)
             ... on level 2 of the Dungeon.
             The game lasted 00:05:05 (2204 turns).

DildoBatman the Magician (Formicid Wizard)          Turns: 2204, Time: 00:05:06

Health: -4/24      AC:  2    Str: 11    XL:     3   Next: 97%
Magic:  4/7        EV: 12    Int: 18    God:
Gold:   73         SH:  0    Dex:  9    Spells: 1/8 levels left

rFire    . . .     SeeInvis +   n - +0 short sword
rCold    . . .     Gourm    .   (no shield)
rNeg     . . .     Faith    .   a - +0 robe
rPois    .         Spirit   .   (helmet unavailable)
rElec    .         Reflect  .   (no cloak)
rCorr    .         Harm     .   (no gloves)
MR       .....                  (no boots)
Stlth    ++........             (no amulet)
HPRegen  0.08/turn              (no ring)
MPRegen  0.10/turn              (no ring)

@: no status effects
A: permanent stasis, dig shafts and tunnels, four strong arms, antennae 3
a: Dig, Shaft Self


You were on level 2 of the Dungeon.
You were hungry.

You visited 1 branch of the dungeon, and saw 3 of its levels.

You collected 73 gold pieces.

Inventory:

Hand Weapons
 h - a +0 club
 n - a +0 short sword (weapon)
Missiles
 b - 22 sling bullets
 d - 65 stones (quivered)
 j - 39 bolts
 o - 15 arrows
Armour
 a - a +0 robe (worn)
 l - a +0 kite shield
Scrolls
 c - 2 scrolls of identify {unknown}
 e - a scroll of amnesia {unknown}
 f - 2 scrolls of remove curse {unknown}
 k - a scroll of blinking {unknown}
Potions
 g - a potion of invisibility {unknown}
 m - a potion of heal wounds {unknown}
Comestibles
 v - a ration


   Skills:
 - Level 1.7 Dodging
 - Level 2.4 Stealth
 - Level 3.2 Spellcasting
 * Level 3.1 Conjurations
   Level 1.0 Summonings
   Level 0.8 Translocations


You had one spell level left.
You knew the following spells:

 Your Spells              Type           Power        Failure   Level  Hunger
a - Conjure Flame         Conj/Fire      #.......     26%         3    ###....
c - Magic Dart            Conj           ##..         4%          1    None
e - Mephitic Cloud        Conj/Pois/Air  #.......     30%         3    ###....

Your spell library contained the following spells:

 Spells                   Type           Power        Failure   Level  Hunger
 Call Imp                 Summ           #.......     16%         2    ##.....
 Slow                     Hex            #.......     24%         2    ##.....
 Blink                    Tloc           Unusable     N/A         2    N/A

Dungeon Overview and Level Annotations

Branches:
Dungeon (3/15)

Altars:
Qazlal

Annotations:
D:2 exclusions: frilled lizard, 2 gnolls and sensed monster (detected)


Innate Abilities, Weirdness & Mutations

You cannot be hasted, slowed, berserked, paralysed or teleported.
You can dig through walls and to a lower floor.
Your four strong arms can wield two-handed weapons with a shield.
You have a pair of large antennae on your head. (SInv)


Message History

Aiming: Magic Dart (safe; 4% risk of failure)
Press: ? - help, Shift-Dir - straight line, f/p - giant cockroach
Aim: a giant cockroach The magic dart hits the giant cockroach.
The giant cockroach is heavily wounded.
The giant cockroach barely misses you. x2
You climb upwards.
Level annotation: exclusions: frilled lizard, 2 gnolls and sensed monster (detected)
There is a stone staircase leading down here.
The giant cockroach closely misses you.
The orc priest mumbles some strange prayers to Beogh against you.
Beogh smites you!
Ouch! That really hurt!
You extend your mandibles.
You dig through the rock wall.
You retract your mandibles.
The orc priest calls down the wrath of Beogh upon you.
Beogh smites you!
Ouch! That really hurt!
You die...

#######...#..........
###.#..####....
######......########
#....#.#.#>.........
#....#.#.#.#########
#....#.#s#.#
#....#.{.#.#########
#....#o###.......[..
#..@....##.......##.
#....##.##.########.
#######.##.# #.....
#.##.# #.#...
######.##.# #.#'#.
#.........####.....
#..................
#.................#
#.............#....


You could see an orc priest.

Vanquished Creatures
  An adder (D:2)
  2 dart slugs
  2 bats (D:1)
  A giant cockroach (D:1)
  2 goblins (D:1)
  11 hobgoblins
  3 frilled lizards
  8 kobolds
  3 rats (D:1)
33 creatures vanquished.

Notes
Turn   | Place    | Note
-------+----------+-------------------------------------------
     0 | D:1      | DildoBatman the Formicid Wizard began the quest for the
                  | Orb.
     0 | D:1      | Reached XP level 1. HP: 13/13 MP: 4/4
   148 | D:1      | Reached skill level 1 in Conjurations
   549 | D:1      | Reached XP level 2. HP: 11/19 MP: 0/6
   894 | D:1      | Reached XP level 3. HP: 24/24 MP: 1/7
   899 | D:1      | Learned a level 3 spell: Conjure Flame
   903 | D:1      | Learned a level 3 spell: Mephitic Cloud
  1391 | D:2      | Found a stormy altar of Qazlal.
  2204 | D:2      | Killed from afar by an orc priest

Illustrated notes

Levels and vault maps discovered:
D:1:      onia_arrival_pyramid, layout_rooms
D:2:      layout_basic, nicolae_qazlal_general_emergency
D:3:      layout_rooms

Skill      XL: |  1  2  3 |
---------------+----------+-----
Conjurations   | 1 2 3 |  3.1
Dodging        | |  1.7
Stealth        | |  2.4
Spellcasting   | |  3.2
Summonings     | |  1.0
Translocations | |  0.8

Action                   || total
-------------------------++-------
Melee: Club              ||    13
       Short sword       ||     2
 Cast: Magic Dart        ||    93
 Abil: Dig               ||     5
  Eat: Chunk             ||     4
Armor: Robe              ||     5
Dodge: Dodged            ||    33
